 Dungeon Crawl Stone Soup version 0.31-a0-187-gba352fbbf7 (webtiles) character file.

Game seed: 3615703660006876586

14 qw the Shooter (level 2, 0/16 HPs)
             Began as a Deep Elf Hunter on June 22, 2023.
             Slain by a goblin
             ... wielding a +0 dagger
              (1 damage)
             ... on level 1 of the Dungeon.
             The game lasted 00:00:06 (224 turns).

qw the Shooter (Deep Elf Hunter)                     Turns: 224, Time: 00:00:07

Health: 0/16       AC:  3    Str:  8    XL:     2   Next: 27%
Magic:  4/4        EV: 12    Int: 13    God:
Gold:   37         SH:  0    Dex: 18    Spells: 1/1 levels left

rFire   . . .        a - +0 shortbow
rCold   . . .        (shield currently unavailable)
rNeg    . . .        c - +0 leather armour
rPois   .            (no helmet)
rElec   .            (no cloak)
rCorr   .            (no gloves)
SInv    .            (no boots)
Will    .....        (no amulet)
Stlth   ++           (no ring)
HPRegen 0.22/turn    (no ring)
MPRegen 0.09/turn

%: no passive effects
@: no status effects
A: no striking features
a: no special abilities


You were on level 1 of the Dungeon.
You visited 1 branch of the dungeon, and saw 1 of its levels.

You collected 37 gold pieces.


   Skills:
 - Level 1.5 Fighting
 + Level 6.1 Ranged Weapons
 - Level 2.4 Dodging
 - Level 1.2 Stealth


You had one spell level left.
You didn't know any spells.
Your spell library was empty.

Inventory:

Hand Weapons
 a - a +0 shortbow (weapon)
Armour
 c - a +0 leather armour (worn)
Jewellery
 e - a ring of positive energy
Scrolls
 b - a scroll of butterflies
 d - a scroll of identify {unknown}

Dungeon Overview and Level Annotations

Branches:
Dungeon (1/15)

Altars:


Message History

The goblin hits you but does no damage.
The jackal bites you but does no damage.
You shoot an arrow.
The arrow hits the jackal but does no damage.
The jackal is heavily wounded.
The jackal bites you but does no damage.
The goblin barely misses you.
You shoot an arrow. The arrow closely misses the jackal. x2
The jackal bites you. The goblin hits you with a +0 dagger.
The jackal bites you.
An endoplasm comes into view.
The goblin closely misses you.
You shoot an arrow. The arrow misses the jackal.
The arrow barely misses the jackal.
The jackal barely misses you. x2; The goblin hits you but does no damage.
You shoot an arrow. The arrow closely misses the jackal.
The arrow hits the jackal.
You kill the jackal!
The jackal bites you. The goblin hits you but does no damage.
The jackal barely misses you.
You shoot an arrow. The arrow barely misses the jackal.
The arrow closely misses the bat.
The goblin misses you. The jackal closely misses you.
You shoot an arrow. The arrow closely misses the jackal.
The arrow barely misses the bat.
The jackal barely misses you. The goblin hits you but does no damage.
The jackal bites you.
You shoot an arrow. The arrow closely misses the jackal.
The arrow hits the bat.
The bat is moderately wounded.
The goblin hits you with a +0 dagger.
The jackal bites you but does no damage.
You shoot an arrow. The arrow misses the jackal.
The arrow hits the bat!
You kill the bat!
The jackal closely misses you. The goblin closely misses you.
The jackal bites you but does no damage.
You shoot an arrow. The arrow hits the jackal.
You kill the jackal!
The goblin barely misses you. The jackal bites you.
The goblin hits you with a +0 dagger.
You die...

########################
................@hh.....
#################gg....#
#####... ......#
........ ...?...
#####... .%.%..# #####
......# ....# ......#
###.# .#..... # #.#


You could see 2 jackals, a hobgoblin and a goblin.

Vanquished Creatures
  4 bats (D:1)
  2 endoplasms (D:1)
  A goblin (D:1)
  3 jackals (D:1)
  A kobold (D:1)
  A frilled lizard (D:1)
12 creatures vanquished.

Notes
Turn   | Place    | Note
-------+----------+-------------------------------------------
     0 | D:1      | qw the Deep Elf Hunter began the quest for the Orb.
     0 | D:1      | Reached XP level 1. HP: 12/12 MP: 3/3
     0 | D:1      | 0 ||| qw: Version: 0.3-a-9-g12657ce
     0 | D:1      | 0 ||| qw: Game counter: 2466
     0 | D:1      | 0 ||| qw: Always use a shield: true
     0 | D:1      | 0 ||| qw: God list: Okawaru
     0 | D:1      | 0 ||| qw: Allow faded altars: false
     0 | D:1      | 0 ||| qw: Do Orc after D:15 true
     0 | D:1      | 0 ||| qw: Do second Lair branch before Depths: true
     0 | D:1      | 0 ||| qw: Lair rune preference: random
     0 | D:1      | 0 ||| qw: Plans: Normal
     0 | D:1      | 0 ||| PLANNING D:1-11
   137 | D:1      | Reached skill level 6 in Ranged Weapons
   137 | D:1      | Reached XP level 2. HP: 16/16 MP: 4/4
   222 | D:1      | HP: 3/16 [goblin/+0 dagger (2)]
   224 | D:1      | HP: 1/16 [jackal (2)]
   224 | D:1      | Slain by a goblin

Levels and vault maps discovered:
D:1:      dpeg_arrival_round_c, layout_basic

Skill      XL: |  1 |
---------------+----+-----
Ranged Weapons | 6 |  6.1
Fighting       | |  1.5
Dodging        | |  2.4
Stealth        | |  1.2

Action                     || total
---------------------------++-------
   Fire: Shortbow          ||    38
 Armour: Leather armour    ||    10
  Dodge: Dodged            ||    18

Table legend:
 A = Non-vault XP
 B = Vault XP
 C = Vault XP percentage of total XP
 D = Non-vault monster count
 E = Vault monster count
 F = Vault count percentage of total count
                 A         B        C        D         E       F
            +---------+---------+-------+---------+---------+-------
      Total |      22 |       0 |   0.0 |      12 |       0 |   0.0
            +---------+---------+-------+---------+---------+-------
        D:1 |      22 |       0 |   0.0 |      12 |       0 |   0.0
            +---------+---------+-------+---------+---------+-------
